 Dungeon Crawl Stone Soup version 0.29-a0-303-ge4682ce883 (webtiles) character file.

Game seed: 3236288240668920642

2314 jmlagarto the Cleaver (level 9, -3/81 HPs)
             Began as a Minotaur Berserker on Mar 24, 2022.
             Was an Elder of Trog.
             Slain by an orc warrior
             ... wielding a +0 glaive
              (12 damage)
             ... in a bailey on Mar 25, 2022.
             The game lasted 00:10:26 (7905 turns).

jmlagarto the Cleaver (Minotaur Berserker)          Turns: 7905, Time: 00:10:27

Health: -3/81      AC: 10    Str: 26    XL:     9   Next: 18%
Magic:  8/8        EV: 10    Int:  4    God:    Trog [****..]
Gold:   308        SH:  0    Dex: 10    Spells: 8/8 levels left

rFire   + . .      SeeInvis .   a - +0 hand axe
rCold   . . .      Faith    .   (no shield)
rNeg    . . .      Spirit   .   t - +0 chain mail {rF+}
rPois   .          Reflect  .   (helmet restricted)
rElec   .          Harm     .   (no cloak)
rCorr   .          Rampage  .   (no gloves)
Will    .....                   (no boots)
Stlth   ..........              (no amulet)
HPRegen 0.23/turn               (no ring)
MPRegen 0.11/turn               (no ring)

@: on berserk cooldown, slowed, very slow
A: horns 2, retaliatory headbutt
a: Renounce Religion, Berserk, Trog's Hand, Brothers in Arms


You were in a bailey.
You worshipped Trog.
Trog was greatly pleased with you.
You visited 1 branch of the dungeon, and saw 7 of its levels.
You also visited: Bailey.

You collected 308 gold pieces.

Inventory:

Hand Weapons
 a - a +0 hand axe (weapon)
 g - a +1 spear of freezing
 w - a +5 scimitar of freezing
 x - a +4 morningstar of freezing
Missiles
 r - 13 poisoned darts (quivered)
 z - 4 javelins
Armour
 t - a +0 chain mail of fire resistance (worn)
Scrolls
 f - a scroll of identify
 i - a scroll of fog
 m - a scroll of enchant weapon {unknown}
 n - a scroll of brand weapon {unknown}
 o - a scroll of amnesia {unknown}
 u - a scroll of noise {unknown}
 v - a scroll of teleportation {unknown}
 y - a scroll of magic mapping {unknown}
 A - a scroll of torment {unknown}
Potions
 b - 4 potions of lignification
 c - 2 potions of flight {unknown}
 d - 3 potions of heal wounds
 e - 4 potions of curing
 h - a potion of magic {unknown}
 j - 2 potions of brilliance {unknown}
 k - 3 potions of might {unknown}
 l - 2 potions of haste {unknown}
 p - a potion of degeneration {unknown}
 q - 3 potions of berserk rage {unknown}
 s - a potion of invisibility {unknown}
 B - 2 potions of cancellation {unknown}
 C - a potion of resistance {unknown}


   Skills:
 + Level 8.2 Fighting
 + Level 8.2 Axes
 + Level 7.7 Armour
 + Level 7.1 Dodging


You had 8 spell levels left.
You didn't know any spells.
Your spell library was empty.

Dungeon Overview and Level Annotations

Branches:
Dungeon (7/15)             Temple (0/1) D:4          Bailey (1/1)

Altars:
Elyvilon
Hepliaklqana
Kikubaaqudgha
Makhleb
Uskayaw
Vehumet
Zin


Innate Abilities, Weirdness & Mutations

You have a pair of horns on your head.
You reflexively headbutt those who attack you in melee.


Message History

The orc warrior shouts!
You hit the orc warrior but do no damage.
You barely miss the orc warrior.
The orc warrior hits you with a +0 glaive.
* * * LOW HITPOINT WARNING * * *
The orc warrior barely misses you. You furiously retaliate!
You headbutt the orc warrior, but do no damage.
The orc warrior hits you with a +0 spear!
* * * LOW HITPOINT WARNING * * *
The orc warrior hits you with a +0 glaive!
* * * LOW HITPOINT WARNING * * *
Unknown command.
Unknown command.
It was a potion of heal wounds.
You feel much better.
The orc warrior hits you with a +0 glaive.
* * * LOW HITPOINT WARNING * * *
The orc warrior hits you but does no damage.
You barely miss the orc warrior. Your headbutt misses the orc warrior.
You hit the orc warrior but do no damage.
The orc warrior hits you with a +0 glaive.
* * * LOW HITPOINT WARNING * * *
The orc warrior hits you but does no damage.
The orc warrior closely misses you. The orc warrior completely misses you.
You hit the orc warrior but do no damage. x2
The orc warrior hits you with a +0 glaive.
* * * LOW HITPOINT WARNING * * *
The orc warrior closely misses you.
The orc warrior hits you with a +0 spear!
* * * LOW HITPOINT WARNING * * *
You feel much better.
An orc warrior comes into view. It is wielding a +0 glaive.
The orc warrior hits you with a +0 glaive!
* * * LOW HITPOINT WARNING * * *
The orc warrior closely misses you. The orc warrior misses you.
The orc warrior completely misses you. You furiously retaliate!
You headbutt the orc warrior.
The orc warrior hits you with a +0 glaive!
* * * LOW HITPOINT WARNING * * *
The orc warrior hits you from afar with a +0 glaive!
You die...

.......#
..o....#
.......#
#.....#
#'''''#
##o....##
#.......#
#.@o....#
#).o....#
#))#.#..#
#).)....#
##.)...##
##'''##
#.....#
#.....#
#.....#


You could see 4 orc warriors.

Vanquished Creatures
  A shadow (D:7)
  3 orc warriors
  A black bear (D:6)
  An ogre (D:4)
  2 sky beasts
  An ice beast (D:7)
  A kobold brigand (D:7)
  A necrophage (D:5)
  2 scorpions
  5 wights (D:6)
  2 vampire bats (D:6)
  A howler monkey (D:6)
  6 jellies
  An orc priest (D:4)
  2 gnoll shamans
  2 iguanas
  2 orc wizards (D:6)
  17 gnolls
  11 adders
  A shadow imp (D:5)
  A white imp (D:6)
  4 dart slugs
  40 orcs
  5 bats
  3 bat skeletons (D:6)
  2 bat zombies (D:6)
  8 endoplasms
  7 giant cockroaches
  6 goblins
  5 hobgoblins
  7 quokkas
  7 ball pythons
  5 frilled lizards
  14 kobolds
  4 rats
181 creatures vanquished.

Notes
Turn   | Place    | Note
-------+----------+-------------------------------------------
     0 | D:1      | jmlagarto the Minotaur Berserker began the quest for the
                  | Orb.
     0 | D:1      | Reached XP level 1. HP: 19/19 MP: 0/0
   284 | D:1      | Reached XP level 2. HP: 5/27 MP: 1/1
  1150 | D:2      | Reached XP level 3. HP: 33/33 MP: 2/2
  1350 | D:2      | Reached ** piety under Trog
  1514 | D:2      | Reached XP level 4. HP: 40/40 MP: 3/3
  2485 | D:3      | Found a white marble altar of Elyvilon.
  2724 | D:3      | Found a faded altar of an unknown god.
  3202 | D:4      | Noticed an ogre
  3205 | D:4      | Found a staircase to the Ecumenical Temple.
  3221 | D:4      | Killed an ogre
  3222 | D:4      | Reached skill level 5 in Axes
  3222 | D:4      | Reached XP level 5. HP: 23/47 MP: 4/4
  3222 | D:4      | Reached *** piety under Trog
  3223 | D:4      | Reached skill level 5 in Fighting
  3245 | D:4      | Reached XP level 6. HP: 10/56 MP: 5/5
  4108 | D:5      | Entered Level 5 of the Dungeon
  4172 | D:5      | You fall into a shaft and drop 1 floor!
  4383 | D:6      | Reached skill level 5 in Armour
  4383 | D:6      | Reached XP level 7. HP: 16/62 MP: 6/6
  4840 | D:6      | Reached skill level 5 in Dodging
  4859 | D:5      | Found a hide-covered altar of Uskayaw.
  5191 | D:5      | Found a burning altar of Makhleb.
  5396 | D:5      | Found a hazy altar of Hepliaklqana.
  5401 | D:5      | Reached XP level 8. HP: 71/71 MP: 7/7
  5486 | D:5      | Found a radiant altar of Vehumet.
  5676 | D:5      | Found a glowing silver altar of Zin.
  5858 | D:6      | Reached **** piety under Trog
  6729 | D:6      | Found an ancient bone altar of Kikubaaqudgha.
  6849 | D:7      | Upgraded the game from 0.29-a0-299-g4c793a2ed2 to
                  | 0.29-a0-303-ge4682ce883
  7240 | D:7      | Reached XP level 9. HP: 81/81 MP: 8/8
  7240 | D:7      | Found a flagged portal.
  7461 | Bailey   | Entered a bailey
  7901 | Bailey   | HP: 1/81 [orc warrior/+0 glaive (9)]
  7905 | Bailey   | Slain by an orc warrior

Illustrated notes

Levels and vault maps discovered:
D:1:      tarquinn_simple_flora_water_a, layout_basic, minmay_nonomino_d4
D:2:      layout_loops_corners, minivault_27
D:3:      layout_loops_ring, lemuel_crystal_altar,
          shapermc_ecumenical_altar_pompeii, st_stairs_10, minivault_11
D:4:      layout_basic, minmay_temple_entry_gardened_gates, saegor_snake_ambush
D:5:      layout_rooms, mainiacjoe_overflow_alcove_2,
          mainiacjoe_overflow_cross_hatched, kennysheep_mini_moat,
          lemuel_round_altar, mainiacjoe_overflow_catwalk, gup_sewer_entry_pipe,
          serial_curves, eino_curves_01, eino_curves_03, eino_curves_02,
          minmay_misc_feat_pillars
D:6:      layout_rooms, kennysheep_vampire_church, grunt_decor_cap, st_stairs_8
D:7:      layout_basic, enter_bailey_6
Bailey:   bailey_polearm_5, bailey

Skill      XL: |  1  2  3  4  5  6  7  8  9 |
---------------+----------------------------+-----
Axes           | 4 5 6 7 8 |  8.2
Fighting       | 4 5 6 7 8 |  8.2
Armour         | 3 4 5 6 7 |  7.7
Dodging        | 3 4 5 6 7 |  7.1

Action                   |  1- 3 |  4- 6 |  7- 9 || total
-------------------------+-------+-------+-------++-------
Melee: Hand axe          |    76 |   125 |   255 ||   456
       Headbutt          |    13 |    26 |    37 ||    76
       Punch             |       |     2 |     8 ||    10
Throw: Dart              |       |       |     3 ||     3
Invok: Berserk           |       |     2 |     7 ||     9
  Use: Scroll            |       |     2 |     2 ||     4
       Potion            |       |       |     2 ||     2
Armor: Animal skin       |     4 |       |       ||     4
       Chain mail        |    30 |    68 |   130 ||   228
Dodge: Dodged            |    44 |    75 |   147 ||   266

Table legend: (Time is in decaauts)
 A = Elapsed time spent in this place.
 B = Non-inter-level travel time spent in this place.
 C = Inter-level travel time spent in this place.
 D = Time resting spent in this place.
 E = Time spent auto-exploring this place.
 F = Levels seen in this place.
 G = Mean time per level.
                   A        B        C        D        E       F      G
               +--------+--------+--------+--------+--------+-----+--------+
         Total |   8009 |   7789 |    220 |    849 |   5906 |   8 | 1001.1 |
       Dungeon |   7551 |   7331 |    220 |    779 |   5579 |   7 | 1078.7 |
        Bailey |    458 |    458 |      0 |     70 |    327 |   1 |  458.0 |
               +--------+--------+--------+--------+--------+-----+--------+

Top non-repeatable levels by time:
     D:6: 1861 daAuts
     D:4: 1153 daAuts
     D:2: 1132 daAuts
     D:1: 1083 daAuts
     D:5: 1057 daAuts
     D:3: 782 daAuts
     D:7: 480 daAuts
  Bailey: 458 daAuts
